Map: Golden Wall LE

Players

meeK

  • Race: Protoss Protoss
  • League: Diamond
  • Spawn Location: 7:00

Furis - Winner!

  • Race: Zerg Zerg
  • League: Diamond
  • Spawn Location: 5:00

VOD

Have the link to the VOD?

Description

Time

  • Played on: May 11, 2020, 4:59 a.m.
  • Length: 18:09
Show
View Real Time Build Order
Export as new Build Order

meeK Protoss 

Build Orders: 1 Gate Expand, Oracle Opening, Carriers 

Get SALT Encoding   

  12  0:01  Probe  
  13  0:13  Probe  
  14  0:18  Pylon  
  14  0:25  Probe (Chrono Boost)  
  15  0:38  Probe (Chrono Boost)  
  15  0:40  Gateway  
  16  0:43  Probe (Chrono Boost)  
  17  0:54  Probe  
  17  0:56  Pylon  
  18  1:02  Assimilator  
  18  1:06  Probe  
  19  1:26  Nexus  
  19  1:36  Cybernetics Core  
  19  1:41  Assimilator  
  19  1:47  Probe (Chrono Boost)  
  20  1:53  Pylon  
  20  1:59  Probe (Chrono Boost)  
  21  2:05  Probe (Chrono Boost)  
  22  2:10  Adept (Chrono Boost)  
  24  2:20  Gateway  
  24  2:27  Pylon  
  24  2:32  Zealot (Chrono Boost)  
  26  2:45  Stargate  
  26  2:47  Probe  
  27  2:52  Sentry (Chrono Boost)  
  27  2:55  Probe  
  27  2:56  Warp Gate  
  30  3:15  Probe x2  
  32  3:25  Oracle (Chrono Boost)  
  32  3:27  Probe x2  
  32  3:29  Assimilator  
  37  3:38  Assimilator  
  37  3:39  Probe x2  
  39  3:46  Stargate  
  39  3:51  Pylon  
  39  4:05  Probe x2  
  41  4:15  Pylon  
  42  4:17  Probe x2  
  43  4:29  Probe x2  
  43  4:30  Oracle (Chrono Boost)  
  48  4:44  Nexus  
  48  4:47  Oracle (Chrono Boost)  
  51  4:59  Probe x2  
  56  5:01  Oracle (Chrono Boost)  
  56  5:05  Pylon  
  56  5:10  Stargate  
  56  5:16  Pylon  
  56  5:24  Probe  
  56  5:25  Probe  
  58  5:30  Phoenix (Chrono Boost)  
  60  5:36  Probe  
  60  5:37  Probe, Forge  
  62  5:48  Fleet Beacon  
  62  5:52  Probe x2  
  64  6:03  Void Ray (Chrono Boost)  
  65  6:04  Probe  
  63  6:23  Photon Cannon x2  
  63  6:25  Photon Cannon  
  63  6:27  Photon Cannon  
  63  6:31  Pylon  
  63  6:35  Probe x3  
  66  6:44  Carrier (Chrono Boost)  
  72  7:01  Mothership (Chrono Boost)  
  80  7:05  Adept  
  80  7:06  Adept  
  84  7:11  Probe  
  84  7:12  Probe  
  86  7:19  Carrier  
  92  7:24  Probe (Chrono Boost)  
  94  7:31  Assimilator, Probe (Chrono Boost)  
  94  7:35  Assimilator  
  94  7:36  Probe (Chrono Boost), Pylon  
  95  7:43  Probe (Chrono Boost)  
  95  7:44  Probe (Chrono Boost)  
  103  7:52  Carrier (Chrono Boost)  
  97  8:12  Void Ray (Chrono Boost)  
  101  8:20  Void Ray (Chrono Boost)  
  103  8:32  Stargate  
  101  8:37  Pylon  
  99  8:44  Protoss Air Weapons Level 1 (Chrono Boost)  
  99  8:48  Void Ray (Chrono Boost)  
  99  8:53  Photon Cannon  
  99  8:55  Photon Cannon  
  103  9:02  Pylon, Void Ray (Chrono Boost)  
  111  9:10  Void Ray (Chrono Boost)  
  115  9:22  Photon Cannon  
  115  9:23  Void Ray (Chrono Boost)  
  115  9:26  Photon Cannon  
  115  9:28  Void Ray (Chrono Boost)  
  115  9:30  Pylon  
  119  9:32  Probe x2  
  119  9:36  Pylon  
  125  9:43  Void Ray (Chrono Boost)  
  125  9:45  Void Ray (Chrono Boost)  
  121  9:56  Void Ray (Chrono Boost)  
  113  10:01  Carrier (Chrono Boost)  
  113  10:32  Carrier (Chrono Boost)  
  113  10:34  Mothership (Chrono Boost)  
  113  10:38  Photon Cannon  
  113  10:42  Photon Cannon  
  121  10:44  Pylon, Photon Cannon  
  121  10:48  Nexus  
  121  10:50  Pylon  
  121  10:55  Protoss Air Armor Level 1 (Chrono Boost)  
  121  10:56  Photon Cannon  
  121  10:58  Photon Cannon  
  121  11:06  Carrier (Chrono Boost)  
  127  11:16  Photon Cannon  
  127  11:18  Photon Cannon  
  127  11:28  Carrier  
  133  11:33  Photon Cannon  
  133  11:37  Photon Cannon  
  133  11:41  Pylon  
  133  11:57  Carrier  
  133  12:00  Pylon  
  139  12:04  Assimilator  
  139  12:07  Assimilator  
  139  12:27  Carrier x2  
  151  12:36  Probe x3  
  154  12:38  Probe  
  155  12:44  Adept  
  155  12:45  Adept  
  157  12:52  Carrier  
  156  12:59  Shield Battery  
  156  13:00  Carrier  
  161  13:28  Carrier (Chrono Boost)  
  161  13:32  Carrier (Chrono Boost)  
  141  13:53  Carrier (Chrono Boost)  
  141  14:02  Void Ray (Chrono Boost)  
  147  14:05  Twilight Council  
  147  14:08  Cybernetics Core, Protoss Air Weapons Level 2 (Chrono Boost)  
  151  14:27  Void Ray (Chrono Boost)  
  151  14:30  Void Ray (Chrono Boost)  
  159  14:33  Pylon  
  147  14:46  Void Ray (Chrono Boost)  
  133  14:59  Void Ray (Chrono Boost)  
  117  15:16  Carrier (Chrono Boost)  
  101  15:28  Carrier  
  101  15:29  Carrier  
  101  15:35  Void Ray  
  105  15:39  Adept x2  
  87  15:57  Charge (Chrono Boost)  
  83  16:10  Adept x2  
  87  16:14  Dark Shrine  
  87  16:31  Nexus  
  85  16:36  Adept x2  
  47  16:58  Adept  
  49  17:04  Stalker  
  48  17:10  Nexus  
  42  17:36  Dark Templar  
Show
View Real Time Build Order
Export as new Build Order

Furis Zerg - Winner!

Build Orders: Pool First 

Get SALT Encoding   

  12  0:01  Drone  
  13  0:12  Overlord  
  13  0:19  Drone  
  14  0:31  Drone x2  
  16  0:59  Spawning Pool  
  16  1:03  Drone x3, Extractor  
  17  1:19  Hatchery  
  17  1:23  Drone  
  17  1:29  Drone  
  18  1:35  Drone  
  19  1:48  Queen  
  19  1:49  Zergling x2  
  22  2:04  Overlord  
  22  2:27  Drone  
  22  2:28  Drone  
  24  2:30  Drone  
  24  2:34  Queen  
  27  2:37  Hatchery  
  27  2:38  Drone  
  27  2:47  Drone x2  
  27  2:51  Drone  
  30  2:53  Drone  
  30  2:56  Zergling x2  
  30  2:58  Zergling x2  
  31  3:24  Drone x5  
  31  3:25  Overlord  
  36  3:28  Spore Crawler  
  36  3:30  Spore Crawler  
  34  3:35  Drone  
  34  3:36  Drone  
  36  3:47  Drone x2  
  38  3:49  Drone  
  38  3:50  Drone x2  
  38  3:55  Roach Warren  
  40  4:08  Drone x2  
  40  4:09  Drone x3  
  45  4:11  Queen  
  46  4:27  Drone x4  
  50  4:32  Spore Crawler  
  50  4:33  Drone  
  50  4:35  Extractor  
  50  4:36  Extractor  
  48  4:39  Lair  
  48  4:45  Drone x2  
  49  4:47  Overlord x2  
  49  4:48  Overlord  
  50  4:59  Overlord x2  
  50  5:05  Queen  
  50  5:06  Overlord  
  52  5:07  Drone x4  
  52  5:09  Drone  
  52  5:13  Extractor  
  56  5:24  Drone x9  
  65  5:28  Extractor x2  
  63  5:46  Drone x3  
  63  5:48  Spire  
  65  5:51  Overlord, Hydralisk Den  
  65  5:52  Drone x2  
  65  5:53  Drone x3  
  57  6:12  Queen x3  
  59  6:29  Drone x11  
  59  6:31  Drone  
  71  6:38  Spore Crawler  
  70  6:45  Drone x3  
  70  6:46  Drone  
  70  6:47  Drone x2  
  76  6:55  Drone x4  
  76  6:57  Overlord  
  76  6:59  Muscular Augments  
  80  7:01  Zerg Flyer Armor Level 1  
  80  7:11  Corruptor x2  
  80  7:12  Corruptor  
  86  7:31  Corruptor x5  
  96  7:38  Corruptor  
  98  7:46  Hatchery  
  98  7:49  Zergling x2  
  98  7:50  Zergling x8, Hydralisk  
  100  8:01  Zergling x6, Mutalisk, Hydralisk  
  100  8:02  Hydralisk  
  105  8:10  Metabolic Boost  
  105  8:15  Drone x3  
  105  8:16  Drone x2  
  105  8:17  Drone  
  105  8:19  Hydralisk  
  106  8:28  Hydralisk x4  
  112  8:39  Hydralisk  
  114  8:44  Overlord x3  
  114  8:58  Drone x6  
  120  9:03  Hydralisk x2  
  120  9:04  Corruptor  
  120  9:05  Corruptor  
  128  9:13  Evolution Chamber  
  128  9:15  Evolution Chamber  
  128  9:16  Infestation Pit  
  128  9:17  Hydralisk x2  
  125  9:19  Zergling x2  
  125  9:21  Drone x2  
  132  9:26  Drone, Spore Crawler  
  132  9:27  Drone  
  132  9:28  Drone  
  132  9:30  Drone  
  135  9:44  Overseer x2  
  135  9:45  Overseer  
  135  9:50  Overlord x2  
  119  10:06  Hydralisk x2  
  119  10:07  Hydralisk x2  
  127  10:18  Corruptor x7  
  139  10:40  Corruptor x2  
  143  10:43  Overlord x4  
  143  10:45  Drone x2, Extractor  
  143  10:46  Extractor  
  143  10:54  Hive  
  143  10:55  Pneumatized Carapace  
  143  10:57  Zerg Missile Weapons Level 1  
  143  10:58  Zerg Ground Armor Level 1  
  143  11:02  Drone x4  
  147  11:24  Hydralisk x2  
  147  11:25  Hydralisk x2, Corruptor x2  
  155  11:27  Hydralisk  
  161  11:43  Hydralisk  
  161  11:44  Hydralisk, Corruptor x3  
  171  11:51  Overseer  
  171  11:52  Overseer x2  
  171  11:53  Overlord  
  171  11:58  Grooved Spines  
  171  12:00  Zerg Flyer Armor Level 2  
  171  12:07  Pathogen Glands  
  171  12:08  Hydralisk x2  
  171  12:10  Drone  
  171  12:11  Drone  
  171  12:13  Hydralisk  
  179  12:33  Hydralisk  
  179  12:34  Hydralisk  
  179  12:35  Overlord x2  
  179  12:36  Overlord  
  168  12:59  Hydralisk, Corruptor x3  
  168  13:00  Hydralisk, Corruptor x2  
  168  13:01  Hydralisk  
  168  13:02  Hydralisk x3  
  190  13:13  Corruptor x4  
  162  13:39  Corruptor x7  
  142  13:51  Hydralisk  
  142  13:52  Hydralisk x5  
  150  14:14  Hydralisk x4  
  150  14:15  Hydralisk x6  
  170  14:28  Hydralisk x2  
  170  14:30  Corruptor x2  
  170  14:31  Corruptor  
  178  14:35  Neural Parasite  
  162  14:50  Corruptor x4  
  156  15:06  Corruptor x5  
  162  15:16  Corruptor  
  162  15:17  Corruptor x2  
  144  15:38  Mutalisk x2  
  144  15:40  Mutalisk x2  
  144  15:41  Hydralisk x4  
  144  15:42  Hydralisk  
  134  16:06  Zergling x8  
  134  16:07  Zergling x8  
  142  16:16  Hydralisk  
  142  16:17  Hydralisk x5  
  154  16:19  Hydralisk x2  
  154  16:43  Hydralisk x3  
  154  16:44  Hydralisk x5  
  165  16:51  Hatchery  
  155  16:55  Hydralisk x4  
  159  17:07  Zergling x8  
  159  17:08  Zergling x10  
  164  17:09  Zergling x2  
  165  17:20  Hydralisk x3  
  165  17:21  Hydralisk  
  173  17:43  Hydralisk  
  173  17:47  Overlord x2  
  173  17:50  Overseer x2  
  175  17:54  Spore Crawler  
Tags
 
Add a new tag
Caveats
  • Supply blocks, unpowered buildings, or Contaminate may cause inaccurate times.
  • Supply counts are checked every 10 seconds.